[Event "Czech open A"]
[Site "?"]
[Date "2013.07.25"]
[Round "7.67"]
[White "Mueer, Sebastian"]
[Black "Krensing, Jan"]
[Result "1-0"]
[ECO "A37"]
[WhiteElo "2202"]
[BlackElo "2325"]
[PlyCount "167"]
[EventDate "2013.??.??"]
[TimeControl "6000+1445"]
[WhiteClock "0:03:29"]
[BlackClock "0:02:40"]

1. Nf3 c5 2. c4 Nc6 3. g3 g6 4. Bg2 Bg7 5. Nc3 d6 6. O-O Qd7 7. e3 Bxc3 8. bxc3
f5 9. e4 fxe4 10. Ng5 Nf6 11. Nxe4 Nxe4 12. Bxe4 b6 13. Re1 Bb7 14. d4 O-O 15.
Bh6 Rfe8 16. Bxc6 Qxc6 17. d5 Qc7 18. Re6 Bc8 19. Qg4 Bxe6 20. Qxe6+ Kh8 21.
Qf7 Rg8 22. Re1 Rae8 23. Bg7+ Rxg7 24. Qxe8+ Rg8 25. Qf7 Rg7 26. Qf8+ Rg8 27.
Qf7 Rg7 28. Qe8+ Rg8 29. Qxe7 Qd8 30. Qxd8 Rxd8 31. Re7 a6 32. a4 Rb8 33. Rd7
b5 34. cxb5 axb5 35. a5 b4 36. cxb4 cxb4 37. a6 b3 38. Rb7 Ra8 39. a7 b2 40.
Rxb2 Rxa7 41. Rb6 Rd7 42. f4 h5 43. Kf2 Kg7 44. Kf3 Kf7 45. h3 Ke7 46. g4 hxg4+
47. Kxg4 Kf6 48. Rb8 Ra7 49. Re8 Ra1 50. Re6+ Kf7 51. Rxd6 Rf1 52. Ra6 Rd1 53.
d6 Rd3 54. h4 Kf6 55. d7+ Kf7 56. Ra7 Kf6 57. Rb7 Rd1 58. Kf3 Ke7 59. d8=Q+
Kxd8 60. Rg7 Rf1+ 61. Ke4 Rh1 62. Rxg6 Ke7 63. Rh6 Kf7 64. Kf5 Kg7 65. Rg6+ Kf7
66. Rg4 Ra1 67. Kg5 Kg7 68. h5 Rh1 69. Rg2 Ra1 70. h6+ Kf7 71. Rb2 Rg1+ 72. Kf5
Ra1 73. Rb7+ Kg8 74. Re7 Ra4 75. Kg5 Rb4 76. f5 Rb6 77. Rc7 Ra6 78. Rd7 Rb6 79.
Ra7 Rc6 80. Re7 Ra6 81. Rb7 Rc6 82. f6 Rc1 83. f7+ Kf8 84. h7 1-0

[Event "Czech open A"]
[Site "?"]
[Date "2013.07.25"]
[Round "7.68"]
[White "Kireev, Aleksei"]
[Black "Sanders, Isaac"]
[Result "1/2-1/2"]
[ECO "A45"]
[WhiteElo "2310"]
[BlackElo "2210"]
[PlyCount "98"]
[EventDate "2013.??.??"]
[TimeControl "6000+735"]
[WhiteClock "0:49:25"]
[BlackClock "0:15:16"]

1. d4 Nf6 2. Bg5 Ne4 3. Be3 d5 4. Nd2 Bf5 5. Ngf3 e6 6. g3 Nd7 7. Nh4 c6 8.
Nxe4 Bxe4 9. f3 Bg6 10. Nxg6 hxg6 11. c3 Bd6 12. Bf2 e5 13. e3 Qe7 14. Qe2 e4
15. f4 O-O-O 16. h4 Kb8 17. O-O-O c5 18. dxc5 Nxc5 19. Qc2 Bc7 20. Be2 Bb6 21.
Rd2 d4 22. cxd4 Ba5 23. Rdd1 Rc8 24. dxc5 Rxc5 25. Bc4 Rhc8 26. Rd4 b5 27. Kb1
Rxc4 28. Rxc4 Rxc4 29. Qb3 Qc5 30. Qd1 Bc7 31. Re1 a5 32. Re2 Kb7 33. Be1 Qc6
34. Bc3 f6 35. Bd4 Qe6 36. Rd2 Rc6 37. Qe2 Qc4 38. Qxc4 Rxc4 39. Rh2 Bb6 40.
Bxb6 Kxb6 41. h5 gxh5 42. Rxh5 Rc5 43. Rh8 Rd5 44. Re8 f5 45. Kc2 Rd3 46. Re6+
Kc5 47. Re5+ Rd5 48. Re7 Rd3 49. Re5+ Rd5 1/2-1/2

[Event "Czech open A"]
[Site "?"]
[Date "2013.07.25"]
[Round "7.69"]
[White "Shemeakin, Alexander"]
[Black "Nguyen, Thai Dai Van"]
[Result "1-0"]
[ECO "D41"]
[WhiteElo "2299"]
[BlackElo "2176"]
[PlyCount "67"]
[EventDate "2013.??.??"]
[TimeControl "6000+1250"]
[WhiteClock "0:37:08"]
[BlackClock "0:03:05"]

1. d4 d5 2. c4 e6 3. Nf3 Nf6 4. Nc3 c5 5. cxd5 Nxd5 6. e4 Nxc3 7. bxc3 cxd4 8.
cxd4 Bb4+ 9. Bd2 Bxd2+ 10. Qxd2 O-O 11. Bc4 Nd7 12. O-O b6 13. Rad1 Bb7 14.
Rfe1 Rc8 15. Bd3 Re8 16. h4 h6 17. Qf4 Qc7 18. e5 a6 19. Nd2 b5 20. Re3 f5 21.
g4 Nf6 22. gxf5 Nd5 23. Qg4 Nxe3 24. fxe3 exf5 25. Qxf5 g5 26. hxg5 hxg5 27.
Be4 Kh8 28. Qf6+ Kg8 29. Qxg5+ Kh8 30. Qh4+ Kg8 31. Kh2 Bxe4 32. Rg1+ Kf8 33.
Qh8+ Ke7 34. Qf6+ 1-0

[Event "Czech open A"]
[Site "?"]
[Date "2013.07.25"]
[Round "7.70"]
[White "Vlasak, Lukas"]
[Black "Tennert, Simon"]
[Result "1/2-1/2"]
[ECO "C65"]
[WhiteElo "2296"]
[BlackElo "2147"]
[PlyCount "159"]
[EventDate "2013.??.??"]
[TimeControl "6000+1090"]
[WhiteClock "0:08:22"]
[BlackClock "0:04:14"]

1. e4 e5 2. Nf3 Nc6 3. Bb5 Nf6 4. O-O Bc5 5. Nxe5 Nxe4 6. Nd3 Be7 7. Re1 Nd6 8.
Ba4 O-O 9. Nf4 b5 10. Bb3 Nd4 11. Bd5 c6 12. c3 Ne6 13. Nxe6 fxe6 14. Bf3 Rb8
15. b4 a5 16. a3 Nf5 17. d4 Ra8 18. Bb2 d5 19. Nd2 Bd6 20. Bg4 Qh4 21. Bh3 Qf6
22. Qe2 axb4 23. axb4 Rxa1 24. Bxa1 Bd7 25. Nf3 Ra8 26. Bb2 Ra2 27. Ra1 Rxa1+
28. Bxa1 Qh6 29. Bb2 Bf4 30. Bxf5 exf5 31. Qe7 Qe6 32. Qxe6+ Bxe6 33. g3 Bd6
34. Bc1 Bd7 35. Kg2 Be8 36. Nh4 Bd7 37. Kf3 Kf7 38. Bf4 Be7 39. Ng2 Be8 40. h4
Ke6 41. Be5 Bf8 42. Ke3 Kf7 43. f3 Bd7 44. Ne1 Be7 45. Nd3 Be8 46. Bb8 Ke6 47.
Bc7 Kf7 48. Kf4 Ke6 49. Be5 g6 50. Ke3 Kf7 51. Nc1 Ke6 52. Nb3 Bf8 53. Na5 Be7
54. Bf4 Bd7 55. Bg5 Bd6 56. Kf2 Be8 57. Nb7 Bf8 58. g4 fxg4 59. fxg4 Bd6 60.
Kf3 Bf8 61. Bf4 Be7 62. Kg3 Bd7 63. Na5 Be8 64. Nb3 Bd7 65. Nc1 Be8 66. Nd3 Bd7
67. Be5 Be8 68. Nf4+ Kf7 69. Ng2 Ke6 70. Kf4 Bd7 71. g5 Kf7 72. Ne3 Be8 73. Bc7
Ke6 74. Ng4 Bd7 75. Nh6 Bf8 76. Ng8 Bg7 77. Be5 Kf7 78. Bxg7 Kxg8 79. Bf6 Bf5
80. Ke5 1/2-1/2

[Event "Czech open A"]
[Site "?"]
[Date "2013.07.25"]
[Round "7.71"]
[White "Jasny, Stanislav"]
[Black "Cantoro, Daniele"]
[Result "1-0"]
[ECO "A06"]
[WhiteElo "2290"]
[BlackElo "2108"]
[PlyCount "120"]
[EventDate "2013.??.??"]
[TimeControl "6000+760"]
[WhiteClock "0:16:47"]
[BlackClock "0:03:39"]

1. Nf3 d5 2. g3 Nc6 3. d4 Bg4 4. Nbd2 f6 5. c3 Qd7 6. h3 Bh5 7. Bg2 O-O-O 8. b4
Re8 9. b5 Nb8 10. Qb3 e5 11. Nf1 c5 12. bxc6 Nxc6 13. Ne3 Bf7 14. O-O e4 15.
Nd2 f5 16. Rb1 Na5 17. Qb5 Qxb5 18. Rxb5 Nc6 19. Nxf5 g6 20. Ne3 Nf6 21. Rb1
Bh6 22. Nb3 Nd7 23. Nc2 Bg7 24. Bf4 Nb6 25. Ne3 h6 26. g4 h5 27. Nc5 Bf8 28.
Rfd1 hxg4 29. hxg4 Bxc5 30. dxc5 Na4 31. Rbc1 Nxc5 32. Nxd5 Nd3 33. exd3 Bxd5
34. c4 Be6 35. dxe4 Bxg4 36. Rd6 Re6 37. f3 Rxd6 38. Bxd6 Be6 39. a3 Rd8 40. c5
Nd4 41. Kf2 Nb3 42. Rc3 Kd7 43. f4 Rh8 44. f5 gxf5 45. exf5 Bf7 46. Re3 Re8 47.
Rxe8 Bxe8 48. Bxb7 Nd4 49. Be4 Nb5 50. Be5 Nxa3 51. c6+ Kc8 52. Bd5 Nb5 53. f6
a5 54. f7 Bxf7 55. Bxf7 a4 56. Bc4 Na7 57. Be6+ Kd8 58. c7+ Ke7 59. c8=Q Nxc8
60. Bxc8 a3 1-0

[Event "Czech open A"]
[Site "?"]
[Date "2013.07.25"]
[Round "7.72"]
[White "Mazur, Stefan"]
[Black "Klukin, Kirill"]
[Result "1-0"]
[ECO "B32"]
[WhiteElo "2409"]
[BlackElo "1983"]
[PlyCount "95"]
[EventDate "2013.??.??"]
[TimeControl "6000+1285"]
[WhiteClock "0:56:07"]
[BlackClock "0:45:31"]

1. e4 c5 2. Nf3 Nc6 3. d4 cxd4 4. Nxd4 e5 5. Nb5 d6 6. N1c3 a6 7. Na3 b5 8. Nd5
Nce7 9. c4 Nxd5 10. exd5 bxc4 11. Nxc4 Nf6 12. Be3 Rb8 13. Be2 Be7 14. O-O O-O
15. f4 exf4 16. Bxf4 Bb7 17. Bf3 Nd7 18. Re1 Nb6 19. Na5 Bg5 20. Nc6 Bxc6 21.
Bxg5 Qxg5 22. dxc6 Qc5+ 23. Kh1 d5 24. Rc1 Qd6 25. Qd4 Rfc8 26. Qc5 Qxc5 27.
Rxc5 Kf8 28. Rec1 Rc7 29. b3 Rd8 30. Kg1 Ke7 31. a4 d4 32. Ra5 Ra7 33. b4 d3
34. b5 Kd6 35. bxa6 d2 36. Rd1 Kc7 37. Rb5 Nxa4 38. Rb7+ Rxb7 39. cxb7 Nc5 40.
a7 Nxb7 41. Rxd2 Ra8 42. Rc2+ Kd6 43. Ra2 Kc7 44. Kf2 h6 45. Kg3 g6 46. Kf4 f6
47. Kg3 f5 48. Kf4 1-0

[Event "Czech open A"]
[Site "?"]
[Date "2013.07.25"]
[Round "7.73"]
[White "Wagener, Claude"]
[Black "Sergeev, Vladimir"]
[Result "0-1"]
[ECO "B03"]
[WhiteElo "2240"]
[BlackElo "2436"]
[PlyCount "46"]
[EventDate "2013.??.??"]
[TimeControl "6000+765"]
[WhiteClock "0:35:25"]
[BlackClock "0:43:11"]

1. e4 Nf6 2. e5 Nd5 3. d4 d6 4. c4 Nb6 5. exd6 exd6 6. Nc3 g6 7. Nf3 Bg7 8. Be2
Bg4 9. O-O O-O 10. b3 Nc6 11. Be3 Ne7 12. h3 Bxf3 13. Bxf3 c6 14. Qd2 d5 15. c5
Nd7 16. Bh6 Bxh6 17. Qxh6 Nf5 18. Qf4 Qf6 19. Ne2 Rfe8 20. Rad1 Nf8 21. Bg4 h5
22. Rd2 Ne6 23. Qf3 Ng5 0-1

[Event "Czech open A"]
[Site "?"]
[Date "2013.07.25"]
[Round "7.74"]
[White "Kourousis, Epaminondas"]
[Black "Vetoshko, Volodymyr"]
[Result "1/2-1/2"]
[ECO "A06"]
[WhiteElo "2391"]
[BlackElo "2268"]
[PlyCount "80"]
[EventDate "2013.??.??"]
[TimeControl "6000+950"]
[WhiteClock "0:38:16"]
[BlackClock "0:32:13"]

1. Nf3 d5 2. g3 Nf6 3. Bg2 Bf5 4. c4 c6 5. Qb3 Qb6 6. Qxb6 axb6 7. cxd5 Nxd5 8.
Nc3 Nxc3 9. dxc3 Nd7 10. Nd4 Bg6 11. h4 h6 12. h5 Bh7 13. Nb3 e5 14. e4 Nc5 15.
Nxc5 Bxc5 16. Ke2 Ke7 17. Bd2 Rhd8 18. Rhd1 f5 19. b4 Bd6 20. Be3 Bc7 21. Rxd8
Rxd8 22. a4 Ra8 23. Kd2 fxe4 24. g4 Kf6 25. Kc2 Rd8 26. Kb2 Bg8 27. Bxe4 Bd5
28. f3 Ke6 29. Kc2 Bxe4+ 30. fxe4 Rf8 31. Kd3 Rf3 32. Rg1 b5 33. a5 Bb8 34. Re1
Ba7 35. Kd2 Bxe3+ 36. Rxe3 Rxe3 37. Kxe3 Kf6 38. Kf3 g6 39. hxg6 Kxg6 40. Kg2
Kg5 1/2-1/2

[Event "Czech open A"]
[Site "?"]
[Date "2013.07.25"]
[Round "7.75"]
[White "Grigoriev, Evgeny"]
[Black "Nemcova, Katerina"]
[Result "0-1"]
[ECO "A05"]
[WhiteElo "2235"]
[BlackElo "2382"]
[PlyCount "183"]
[EventDate "2013.??.??"]
[TimeControl "6000+790"]
[BlackClock "0:00:49"]

1. Nf3 Nf6 2. g3 b5 3. Bg2 Bb7 4. O-O e6 5. d3 Be7 6. e4 d6 7. c3 Nbd7 8. a4
bxa4 9. Qxa4 O-O 10. b4 c5 11. Nbd2 Qc7 12. Qa5 Qxa5 13. bxa5 Ba6 14. c4 Rab8
15. Ba3 Rfc8 16. Rfb1 Bd8 17. Bb2 Bc7 18. Ne1 Kf8 19. f4 Ng8 20. Kf2 Ne7 21.
Bc3 Bd8 22. Bf3 f6 23. h4 Nc6 24. Bd1 Rxb1 25. Nxb1 Ke7 26. Ba4 Nb4 27. Bd2 d5
28. exd5 exd5 29. cxd5 Nxd5 30. Nc3 Nb4 31. Bb5 Nb8 32. Bc4 N8c6 33. Nd5+ Nxd5
34. Bxd5 Kd6 35. Bg8 Bxa5 36. Bxh7 Bxd2 37. Rxa6 Rb8 38. Nf3 Ba5 39. h5 Rb2+
40. Ke3 Ra2 41. Ke4 Kc7 42. Bg8 Re2+ 43. Kf5 Re3 44. Nh4 Rxg3 45. Bc4 Bb6 46.
Ke4 Na5 47. Nf5 Rg1 48. Bd5 Kd7 49. Kf3 Nc6 50. Ra4 Nb4 51. Bc4 a5 52. Ra3 Bc7
53. Ng3 Re1 54. Bb5+ Kd8 55. Rc3 Bxf4 56. Nf5 Be5 57. d4 Bxd4 58. Ra3 Rh1 59.
Rxa5 Kc7 60. Bc4 Nc6 61. Ra4 Rxh5 62. Nxg7 Rh4 63. Kg3 Re4 64. Bb5 Ne5 65. Ne6+
Kb6 66. Nxd4 Rg4+ 67. Kf2 cxd4 68. Be2 Rf4+ 69. Kg3 Re4 70. Bf1 f5 71. Ra6+ Kc5
72. Rf6 Rg4+ 73. Kf2 Rf4+ 74. Ke1 Nf3+ 75. Kd1 Kd5 76. Bd3 Ke5 77. Rf8 Ng5 78.
Re8+ Kf6 79. Rf8+ Ke5 80. Re8+ Kf6 81. Rf8+ Kg6 82. Rg8+ Kh5 83. Rh8+ Kg4 84.
Be2+ Nf3 85. Rg8+ Kh3 86. Rh8+ Kg3 87. Rf8 Ne5 88. Ba6 Kf2 89. Bc8 Nc4 90. Be6
Nd6 91. Kd2 Re4 92. Bd7 0-1

[Event "Czech open A"]
[Site "?"]
[Date "2013.07.25"]
[Round "7.76"]
[White "Travkina, Anastasia"]
[Black "Repkova, Eva"]
[Result "1/2-1/2"]
[ECO "C13"]
[WhiteElo "2216"]
[BlackElo "2374"]
[PlyCount "76"]
[EventDate "2013.??.??"]
[TimeControl "6000+1440"]
[WhiteClock "0:02:40"]
[BlackClock "0:54:19"]

1. e4 e6 2. d4 d5 3. Nc3 Nf6 4. Bg5 Be7 5. e5 Nfd7 6. h4 h6 7. Be3 c5 8. Qg4
Kf8 9. Rh3 cxd4 10. Bxd4 Nc6 11. Nf3 Nxd4 12. Qxd4 Qb6 13. Qd2 Qxb2 14. Rb1 Qa3
15. Nd4 Nxe5 16. Nxd5 Qxa2 17. Rhb3 exd5 18. Qc3 Bd7 19. Ra1 Rc8 20. Qxc8+ Bxc8
21. Rxa2 Bc5 22. c3 g6 23. Rb5 Nd7 24. Raa5 Bb6 25. Ra1 Kg7 26. Rxd5 Re8+ 27.
Be2 a6 28. f4 Re4 29. g3 Re3 30. Rb1 Rxg3 31. Rxd7 Rg1+ 32. Bf1 Bxd7 33. Ne2
Rxf1+ 34. Kxf1 Bh3+ 35. Ke1 Bd8 36. Rxb7 Bxh4+ 37. Kd2 g5 38. fxg5 hxg5 1/2-1/2

[Event "Czech open A"]
[Site "?"]
[Date "2013.07.25"]
[Round "7.77"]
[White "Farkas, Gabor"]
[Black "Grabinsky, Vladimir"]
[Result "1/2-1/2"]
[ECO "E04"]
[WhiteElo "2359"]
[BlackElo "2258"]
[PlyCount "109"]
[EventDate "2013.??.??"]
[TimeControl "6000+1240"]
[WhiteClock "0:56:43"]
[BlackClock "0:04:10"]

1. d4 d5 2. c4 e6 3. Nf3 Nf6 4. g3 dxc4 5. Bg2 Nc6 6. Qa4 Bb4+ 7. Bd2 Nd5 8.
Bxb4 Ndxb4 9. Ne5 Qxd4 10. Nxc6 Nxc6 11. Bxc6+ bxc6 12. Qxc6+ Ke7 13. Qxa8 Qxb2
14. O-O Qxa1 15. Qxa7 Qe5 16. Nd2 Qd5 17. Qa3+ c5 18. Qc3 Bb7 19. Nf3 f6 20.
Qc2 Qe4 21. Qb2 Rd8 22. Rc1 g5 23. h3 h5 24. Kh2 g4 25. Nh4 Rd7 26. Qb5 Bc6 27.
Qxc5+ Kd8 28. Qxh5 c3 29. Qa5+ Ke7 30. Qxc3 Rd6 31. Qc2 Qxc2 32. Rxc2 Be4 33.
Rb2 Rd1 34. f3 gxf3 35. exf3 Bd5 36. g4 Ra1 37. Kg3 Rxa2 38. Rb1 Ra3 39. Rf1
Kf7 40. Rd1 Rc3 41. Ra1 e5 42. Rf1 e4 43. Kf4 exf3 44. Rf2 Rc4+ 45. Ke3 Rb4 46.
Nxf3 Re4+ 47. Kd3 Rf4 48. Ke2 Re4+ 49. Kf1 Rf4 50. Nd2 Rxf2+ 51. Kxf2 Kg6 52.
h4 f5 53. g5 f4 54. Nf3 Kh5 55. Ke2 1/2-1/2

[Event "Czech open A"]
[Site "?"]
[Date "2013.07.25"]
[Round "7.78"]
[White "Krapivin, Vladislav"]
[Black "Mukashev, Assan"]
[Result "0-1"]
[ECO "B25"]
[WhiteElo "2340"]
[BlackElo "2247"]
[PlyCount "84"]
[EventDate "2013.??.??"]
[TimeControl "6000+1195"]
[WhiteClock "0:16:20"]
[BlackClock "1:08:50"]

1. e4 c5 2. Nc3 Nc6 3. g3 g6 4. Bg2 Bg7 5. d3 d6 6. f4 e6 7. Nf3 Nge7 8. O-O
O-O 9. Be3 Nd4 10. e5 Nef5 11. Bf2 Nxf3+ 12. Qxf3 Nd4 13. Qd1 dxe5 14. fxe5 Rb8
15. Ne4 Bxe5 16. c3 Nf5 17. Bxc5 a5 18. d4 Bd6 19. Nxd6 Nxd6 20. Qf3 Ra8 21.
Qf4 Ra6 22. a4 f6 23. h4 Rf7 24. g4 Nc4 25. d5 Nxb2 26. dxe6 Bxe6 27. Bd4 Bd5
28. Bxd5 Qxd5 29. g5 Nd3 30. Qg3 Nc5 31. Rxf6 Raxf6 32. gxf6 Ne6 33. Be5 Qc5+
34. Kh2 Rd7 35. Re1 Rd2+ 36. Kh3 Qc8 37. Qg4 Kf7 38. h5 Rf2 39. Re3 Rf5 40.
hxg6+ hxg6 41. Bg3 Ng5+ 42. Kg2 Rf2+ 0-1

[Event "Czech open A"]
[Site "?"]
[Date "2013.07.25"]
[Round "7.79"]
[White "Stromboli, Ettore"]
[Black "Havlikova, Kristyna"]
[Result "1/2-1/2"]
[ECO "B36"]
[WhiteElo "2335"]
[BlackElo "2241"]
[PlyCount "74"]
[EventDate "2013.??.??"]
[TimeControl "6000+1450"]
[WhiteClock "0:01:10"]
[BlackClock "0:01:14"]

1. e4 c5 2. Nf3 Nc6 3. d4 cxd4 4. Nxd4 g6 5. c4 Nf6 6. Nc3 d6 7. Nc2 Bg7 8. Be2
Nd7 9. Bd2 Nc5 10. b4 Ne6 11. O-O Ned4 12. Nxd4 Nxd4 13. Rc1 a5 14. a3 axb4 15.
axb4 Ra3 16. Nd5 Ra2 17. Bd3 Rxd2 18. Qxd2 Nb3 19. Qe3 Nxc1 20. Rxc1 O-O 21. h3
e6 22. Nb6 Bd7 23. Rc2 Qc7 24. Ra2 Rd8 25. Na8 Qb8 26. Qb6 Rc8 27. Qe3 Be8 28.
Nb6 Rd8 29. Bc2 Qc7 30. Ba4 Bxa4 31. Rxa4 Bh6 32. Qxh6 Qxb6 33. Qf4 Qc6 34. Ra7
Qb6 35. Ra4 Qc6 36. Ra7 Qb6 37. Ra4 Qc6 1/2-1/2

[Event "Czech open A"]
[Site "?"]
[Date "2013.07.25"]
[Round "7.80"]
[White "Jeitz, Christian"]
[Black "Migot, Tangi"]
[Result "0-1"]
[ECO "C95"]
[WhiteElo "2222"]
[BlackElo "2331"]
[PlyCount "70"]
[EventDate "2013.??.??"]
[TimeControl "6000+945"]
[WhiteClock "0:01:15"]
[BlackClock "0:20:42"]

1. e4 e5 2. Nf3 Nc6 3. Bb5 a6 4. Ba4 Nf6 5. O-O b5 6. Bb3 Be7 7. Re1 d6 8. c3
O-O 9. h3 Nb8 10. d4 Nbd7 11. a4 Bb7 12. Nbd2 c5 13. Bc2 Qc7 14. Nf1 cxd4 15.
cxd4 Rfc8 16. Bd3 exd4 17. axb5 axb5 18. Rxa8 Bxa8 19. Nxd4 b4 20. Bf4 Ne5 21.
Bb1 Bf8 22. Ng3 Re8 23. Ndf5 d5 24. Bg5 Qb6 25. Bxf6 Qxf6 26. exd5 Bxd5 27. f4
Nf3+ 28. gxf3 Bxf3 29. Rxe8 Bxd1 30. Ne7+ Qxe7 31. Rxe7 Bxe7 32. Nf5 Bc5+ 33.
Kf1 g6 34. Ng3 Bd4 35. Ke1 Ba4 0-1

[Event "Czech open A"]
[Site "?"]
[Date "2013.07.25"]
[Round "7.81"]
[White "Spalir, Jernej"]
[Black "Peterson, Eric"]
[Result "1/2-1/2"]
[ECO "D41"]
[WhiteElo "2312"]
[BlackElo "2239"]
[PlyCount "120"]
[EventDate "2013.??.??"]
[TimeControl "6000+1470"]
[WhiteClock "0:34:30"]
[BlackClock "0:11:46"]

1. d4 e6 2. c4 d5 3. Nc3 Nf6 4. Nf3 c5 5. cxd5 cxd4 6. Qxd4 exd5 7. Bg5 Be7 8.
e3 O-O 9. Be2 Nc6 10. Qd1 Be6 11. O-O Rc8 12. Nd4 h6 13. Bh4 Bc5 14. Nxc6 bxc6
15. Rc1 Be7 16. Na4 Qa5 17. a3 c5 18. Bxf6 Bxf6 19. Rxc5 Rxc5 20. b4 Rc1 21.
bxa5 Rxd1 22. Rxd1 Rc8 23. Bb5 Rb8 24. Bc6 Rc8 25. Bb5 Rb8 26. Bc6 Rb3 27. g3
Rxa3 28. Kg2 d4 29. Nc5 dxe3 30. Nxe6 fxe6 31. fxe3 Rxa5 32. Kf3 Kf7 33. Rd7+
Be7 34. Rd4 Ra3 35. Ra4 Rc3 36. Bd7 Rc7 37. Bb5 Rc5 38. Bd7 Rc7 39. Bb5 Bc5 40.
Rc4 Ke7 41. Rc2 a5 42. Ke4 Kd6 43. Rd2+ Ke7 44. Rc2 Rc8 45. Ba4 Kf6 46. Rf2+
Ke7 47. Rc2 Rc7 48. Rc1 g5 49. Rc2 Kf6 50. Rf2+ Ke7 51. Rc2 h5 52. h3 Kf6 53.
Be8 Bd6 54. Rxc7 Bxc7 55. Bxh5 a4 56. Kd3 a3 57. Kc2 Bxg3 58. Kb3 Bd6 59. Bg4
Ke5 60. e4 Be7 1/2-1/2

[Event "Czech open A"]
[Site "?"]
[Date "2013.07.25"]
[Round "7.82"]
[White "Bivol, Alina"]
[Black "Tomazini, Aljosa"]
[Result "1/2-1/2"]
[ECO "B06"]
[WhiteElo "2207"]
[BlackElo "2306"]
[PlyCount "100"]
[EventDate "2013.??.??"]
[TimeControl "6000+625"]
[WhiteClock "1:19:09"]
[BlackClock "0:37:31"]

1. e4 g6 2. c3 Bg7 3. f4 d6 4. Nf3 a6 5. Be2 Nd7 6. O-O e5 7. d3 Ngf6 8. Na3
O-O 9. Nc2 Re8 10. Qe1 d5 11. Nxe5 Nxe5 12. fxe5 Rxe5 13. Bf4 Re8 14. e5 Nd7
15. d4 Nf8 16. Qg3 c5 17. Rad1 Qb6 18. Ne3 Qxb2 19. Bf3 Qxc3 20. Nxd5 Qa5 21.
Nf6+ Bxf6 22. exf6 cxd4 23. Bd6 Ne6 24. Rfe1 Qf5 25. Qh4 g5 26. Qh6 Qg6 27.
Qxg6+ hxg6 28. Rxd4 Bd7 29. Rc4 Rac8 30. Rxc8 Bxc8 31. Be7 Nd4 32. Bd5 Nc6 33.
Bxc6 bxc6 34. Rb1 Be6 35. a3 Rc8 36. Rd1 c5 37. Rd8+ Rxd8 38. Bxd8 c4 39. Be7
c3 40. Bb4 c2 41. Bd2 g4 42. Bh6 Kh7 43. Bg5 Kg8 44. Bh6 g5 45. Bxg5 Kh7 46.
Bc1 Kg6 47. Bb2 Kf5 48. Kf2 Bd5 49. h4 gxh3 50. gxh3 a5 1/2-1/2

[Event "Czech open A"]
[Site "?"]
[Date "2013.07.25"]
[Round "7.83"]
[White "Nadjezhdin, Dmitry"]
[Black "Zatschek, Mark"]
[Result "0-1"]
[ECO "B40"]
[WhiteElo "2300"]
[BlackElo "2174"]
[PlyCount "130"]
[EventDate "2013.??.??"]
[TimeControl "6000+1470"]
[WhiteClock "0:05:49"]
[BlackClock "0:10:47"]

1. e4 c5 2. Nf3 e6 3. b3 d6 4. d4 cxd4 5. Nxd4 a6 6. c4 Nf6 7. Nc3 Be7 8. Bb2
O-O 9. Rc1 b6 10. Bd3 Bb7 11. O-O Nbd7 12. Qe2 Qc7 13. Kh1 Rfe8 14. f4 Bf8 15.
Bb1 Qc5 16. Nf3 Qh5 17. Qf2 Rac8 18. Rfe1 d5 19. cxd5 exd5 20. e5 Bc5 21. Qg3
Ng4 22. h3 Nh6 23. Ng5 f6 24. Nxh7 fxe5 25. Bg6 Nf5 26. Qg4 Qxg4 27. hxg4 Ne3
28. Bxe8 Rxe8 29. Ng5 exf4 30. Ne2 Bd6 31. Nf3 Nc5 32. Rc3 Ne4 33. Rcc1 Kf7 34.
a3 Nf2+ 35. Kg1 Nd3 36. Bd4 Nxe1 37. Rxe1 Nc2 38. Ng5+ Kg8 39. Kf2 Nxe1 40.
Kxe1 Bxa3 41. Bxb6 Bc8 42. Kf2 Be7 43. Nh3 g5 44. Kf3 Kf7 45. g3 fxg3 46. Nxg3
Kg6 47. Nf2 Bd6 48. Ne2 Bd7 49. Be3 Rf8+ 50. Kg2 Rb8 51. Nd4 Bc5 52. Nd3 Bd6
53. Nf2 Re8 54. Kf3 Bc5 55. Nd3 Bxd4 56. Bxd4 Bxg4+ 57. Kg3 Bc8 58. Ne5+ Kf5
59. Nf7 Re6 60. Bc5 Rc6 61. Bd4 Ke4 62. Bh8 g4 63. b4 d4 64. Be5 Be6 65. Nd8
Rc3+ 0-1

[Event "Czech open A"]
[Site "?"]
[Date "2013.07.25"]
[Round "7.84"]
[White "Pechac, Jergus"]
[Black "Musaev, Rasul"]
[Result "0-1"]
[ECO "E70"]
[WhiteElo "2182"]
[BlackElo "2300"]
[PlyCount "54"]
[EventDate "2013.??.??"]
[TimeControl "6000+305"]
[WhiteClock "1:15:22"]
[BlackClock "1:12:17"]

1. d4 Nf6 2. c4 g6 3. Nc3 Bg7 4. e4 d6 5. Nge2 O-O 6. Ng3 Nbd7 7. Be2 h5 8. h4
a6 9. a3 c6 10. Bg5 Nh7 11. Be3 b5 12. d5 bxc4 13. dxc6 Ne5 14. Nd5 Nxc6 15.
Bb6 Qd7 16. Bxc4 Ne5 17. Bb3 e6 18. Ba4 Qb7 19. Nc7 Rb8 20. Ba5 Nc4 21. Rc1
Nxa5 22. b4 Bb2 23. bxa5 Bxc1 24. Qxc1 Qb2 25. Qh6 Qc3+ 26. Ke2 Rb2+ 27. Kd1
Qd3+ 0-1

[Event "Czech open A"]
[Site "?"]
[Date "2013.07.25"]
[Round "7.85"]
[White "Volodin, Viktor"]
[Black "Ageichenko, Gennady"]
[Result "1/2-1/2"]
[ECO "A04"]
[WhiteElo "2180"]
[BlackElo "2298"]
[PlyCount "128"]
[EventDate "2013.??.??"]
[TimeControl "6000+740"]
[WhiteClock "0:24:21"]
[BlackClock "0:10:42"]

1. Nf3 c5 2. c4 Nf6 3. Nc3 g6 4. d4 Bg7 5. e4 cxd4 6. Nxd4 d6 7. Be2 O-O 8. O-O
Nc6 9. Be3 Bd7 10. f3 Qa5 11. Qd2 Rfc8 12. Rfd1 Nxd4 13. Bxd4 Be6 14. Nd5 Qxd2
15. Rxd2 Nxd5 16. cxd5 Bxd4+ 17. Rxd4 Bd7 18. Rc4 Rxc4 19. Bxc4 Rc8 20. Bd3 f5
21. Kf2 Kf7 22. Ke3 Kf6 23. Kd4 a6 24. Re1 a5 25. Bc4 b6 26. Bd3 Rc5 27. Bc4
Bb5 28. Bxb5 Rxb5 29. Re2 Rb4+ 30. Kc3 fxe4 31. Rxe4 Rb5 32. Rf4+ Kg7 33. Re4
Kf7 34. Rf4+ Ke8 35. Rd4 Rc5+ 36. Kd2 Kf7 37. h4 h6 38. f4 h5 39. Ke3 Kf6 40.
Rd2 Kf5 41. Kf3 a4 42. Rd4 a3 43. bxa3 Rc3+ 44. Kf2 Rxa3 45. Rd2 Kxf4 46. Re2
Kg4 47. Rxe7 Rxa2+ 48. Ke3 Rxg2 49. Re6 Kxh4 50. Rxd6 g5 51. Rxb6 Rg1 52. d6
Re1+ 53. Kd2 Re8 54. d7 Rd8 55. Rd6 Kg3 56. Ke3 h4 57. Ke4 h3 58. Rd3+ Kh4 59.
Kf3 Rf8+ 60. Ke2 Rd8 61. Kf3 g4+ 62. Kf2 Kg5 63. Kg3 Kf5 64. Rd2 Ke6 1/2-1/2

[Event "Czech open A"]
[Site "?"]
[Date "2013.07.25"]
[Round "7.86"]
[White "Yefimov, Mstislav"]
[Black "Meissner, Felix"]
[Result "0-1"]
[ECO "E73"]
[WhiteElo "2137"]
[BlackElo "2285"]
[PlyCount "62"]
[EventDate "2013.??.??"]
[TimeControl "6000+1350"]
[WhiteClock "0:03:01"]
[BlackClock "0:05:56"]

1. d4 Nf6 2. c4 g6 3. Nc3 Bg7 4. e4 d6 5. Be2 O-O 6. Bg5 Na6 7. f4 c5 8. d5 Nc7
9. h3 a6 10. a4 Rb8 11. e5 Nfe8 12. Nf3 f6 13. e6 fxg5 14. Nxg5 Nf6 15. a5 b5
16. axb6 Rxb6 17. Qc2 Qe8 18. h4 Bb7 19. h5 Ncxd5 20. cxd5 Nxd5 21. Nxd5 Bxd5
22. hxg6 Rxb2 23. gxh7+ Kh8 24. Qd3 Bc6 25. Qxa6 Bc3+ 26. Kd1 Qb8 27. Qa3 Ba4+
28. Qxa4 Rb1+ 29. Kc2 Qb2+ 30. Kd3 Qd2+ 31. Ke4 Rxf4# 0-1

[Event "Czech open A"]
[Site "?"]
[Date "2013.07.25"]
[Round "7.87"]
[White "Feldtmann, Thomas"]
[Black "Jedlicka, Ales"]
[Result "1-0"]
[ECO "E70"]
[WhiteElo "2280"]
[BlackElo "2226"]
[PlyCount "67"]
[EventDate "2013.??.??"]
[TimeControl "6000+1225"]
[WhiteClock "0:42:45"]
[BlackClock "0:00:55"]

1. d4 Nf6 2. c4 g6 3. Nc3 Bg7 4. e4 O-O 5. h3 d6 6. Be3 c5 7. d5 b5 8. cxb5 a6
9. a4 Qa5 10. Bd2 Qb4 11. Bd3 c4 12. Bc2 Nfd7 13. Nf3 Nc5 14. Ne2 Qxb2 15. Rb1
Qa3 16. O-O Nb3 17. Bxb3 cxb3 18. b6 Qxa4 19. Qxb3 Qxb3 20. Rxb3 Bb7 21. Rc1
Nd7 22. Be3 Rab8 23. Rc7 Rfd8 24. Nd2 e6 25. Nc4 Nc5 26. Bxc5 dxc5 27. Na5 exd5
28. Nxb7 c4 29. Rb1 Re8 30. Nd6 Re6 31. b7 Be5 32. Rc8+ Kg7 33. Rxb8 Bxd6 34.
Rd8 1-0

[Event "Czech open A"]
[Site "?"]
[Date "2013.07.25"]
[Round "7.88"]
[White "Kimerling, Martin"]
[Black "Varitski, Igor"]
[Result "0-1"]
[ECO "A80"]
[WhiteElo "2092"]
[BlackElo "2278"]
[PlyCount "54"]
[EventDate "2013.??.??"]
[TimeControl "6000+710"]
[WhiteClock "0:36:36"]
[BlackClock "0:28:30"]

1. d4 f5 2. Nf3 Nf6 3. g3 e6 4. c4 d5 5. Bg2 c6 6. O-O Bd6 7. Bf4 Bxf4 8. gxf4
O-O 9. Nbd2 Qe7 10. Ne5 Nbd7 11. Ndf3 Ne4 12. cxd5 exd5 13. Qc2 Kh8 14. e3 Rg8
15. Nxd7 Bxd7 16. Ne5 Nd6 17. Kh1 Raf8 18. Rg1 Nf7 19. Bf3 Nxe5 20. dxe5 g5 21.
e6 Bxe6 22. Qc3+ Qg7 23. Qxg7+ Rxg7 24. fxg5 f4 25. exf4 Rxf4 26. Rg3 d4 27. b3
Rxf3 0-1